 Dungeon Crawl Stone Soup version 0.17-a0-2208-ge5ab1d3 (webtiles) character file.

804 Ijustatesigmund the Sneak (level 7, -6/45 HPs)
             Began as an Octopode Wizard on Oct 26, 2015.
             Killed from afar by a steam dragon (17 damage)
             ... with a ball of steam
             ... on level 5 of the Dungeon.
             The game lasted 00:19:21 (4762 turns).

Ijustatesigmund the Sneak (Octopode Wizard)         Turns: 4762, Time: 00:19:21

Health: -6/45      AC:  2    Str:  6    XL:     7   Next: 91%
Magic:  2/11       EV: 12    Int: 28    God:
Gold:   252        SH:  0    Dex: 10    Spells: 5 memorised, 1 level left

rFire  . . .     SeeInvis .     r - +1 short sword (vamp)
rCold  . . .     Clarity  .     (no shield)
rNeg   . . .     SustAt   .     a - +1 hat
rPois  .         Gourm    .     (no amulet)
rElec  .         Spirit   .     e - ring of wizardry
rCorr  .         Warding  .     (no ring)
rMut   .         Stasis   .     (no ring)
MR     .....                    (no ring)
Stlth  ++++......               (no ring)
                                (no ring)
                                (no ring)
                                (no ring)

@: brilliant, repel missiles, not resistant to hostile enchantments, stealthy
A: almost no armour, amphibious, 8 rings, constrict 8, camouflage 1, gelatinous
body 1
a: no special abilities


You were on level 5 of the Dungeon.
You were not hungry.

You visited 1 branch of the dungeon, and saw 5 of its levels.

You collected 252 gold pieces.

Inventory:

Hand Weapons
 f - a +1 dagger of freezing
 g - a +2 short sword of holy wrath
 r - a +1 vampiric short sword (weapon)
Armour
 a - a +1 hat (worn)
Jewellery
 e - a ring of wizardry (left tentacle)
 y - a +4 ring of evasion {unknown}
Wands
 l - a wand of random effects (17)
 q - a wand of frost (23)
Scrolls
 o - 2 scrolls of amnesia
 v - 2 scrolls of teleportation {unknown}
 w - a scroll of remove curse {unknown}
Potions
 d - 2 potions of curing
 h - a potion of brilliance
 i - a potion of haste {unknown}
 k - a potion of poison {unknown}
 n - 2 potions of agility {unknown}
 t - a potion of lignification {unknown}
 u - a potion of might {unknown}
Books
 b - a book of Minor Magic

   Spells                             Type                      Level
   a - Magic Dart                     Conjuration                  1
   b - Blink                          Translocation                2
   c - Call Imp                       Summoning                    2
   d - Repel Missiles                 Charms/Air                   2
   e - Slow                           Hexes                        2
   f - Conjure Flame                  Conjuration/Fire             3
   g - Mephitic Cloud                 Conjuration/Poison/Air       3
 p - a book of the Sky

   Spells                             Type                      Level
   a - Summon Lightning Spire         Summoning/Air                4
   b - Airstrike                      Air                          4
   c - Silence                        Hexes/Air                    5
   d - Deflect Missiles               Charms/Air                   6
   e - Conjure Ball Lightning         Conjuration/Air              6
   f - Tornado                        Air                          9
 x - an Akashic Record

   Spells                             Type                      Level
   a - Dispersal                      Translocation                6
   b - Malign Gateway                 Summoning/Translocation      7
   c - Disjunction                    Translocation                8
   d - Controlled Blink               Translocation                8
Comestibles
 c - 3 bread rations
 j - 3 meat rations
 s - 5 chunks of flesh


   Skills:
 - Level 2.4 Fighting
 + Level 3.3 Short Blades
 - Level 2.0 Dodging
 + Level 6.4 Stealth
 + Level 3.0 Spellcasting
 - Level 4.4 Conjurations
   Level 1.0 Summonings
 - Level 1.0 Translocations
 - Level 2.3 Air Magic
 - Level 3.0 Poison Magic


You had one spell level left.
You knew the following spells:

 Your Spells              Type           Power        Failure   Level  Hunger
a - Magic Dart            Conj           ####         1%          1    None
b - Blink                 Tloc           N/A          1%          2    #......
c - Repel Missiles        Chrm/Air       ####..       1%          2    #......
d - Mephitic Cloud        Conj/Pois/Air  #####...     1%          3    ###....
e - Conjure Flame         Conj/Fire      ####....     1%          3    ###....


Dungeon Overview and Level Annotations

Branches:
Dungeon (5/15)
 Temple: D:4-7

Altars:
Dithmenos
Fedhas


Innate Abilities, Weirdness & Mutations

You cannot wear most types of armour.
You are amphibious.
You can wear up to eight rings at the same time.
You can use your tentacles to constrict eight enemies at once.
Your skin changes colour to match your surroundings (Stealth).
Your rubbery body absorbs attacks (AC +1).


Message History

* * * LOW HITPOINT WARNING * * *
Casting: Magic Dart
Confirm with . or Enter, or press ? or * to list all spells.
You blink.
Read which item? (? for menu, Esc to quit)
Okay, then.
Drink which item? (? for menu, Esc to quit)
You feel better.
Casting: Blink
Confirm with . or Enter, or press ? or * to list all spells.
You don't have enough magic to cast that spell.
Unknown command.
Drink which item? (? for menu, Esc to quit)
Okay, then.
Drink which item? (? for menu, Esc to quit)
It was a potion of brilliance.
You feel clever all of a sudden. The steam dragon breathes steam at you.
The ball of steam hits you!
You die...

##...|....###
##..#....
#........##
#.###...
#..####...# #.#
###. #### #...#
..# ## #...###
#.## ##....###..#
###.....#....#
#......§..##§§...
#..@D..#### .D.
#......# .
###....#
###.##### ##..##
#### ##..##
...#### ##..##
......# ##.###
####..###.##


You could see a steam dragon.

Vanquished Creatures
  Sigmund (D:2)
  Menkaure (D:4)
  An ogre (D:4)
  A scorpion (D:4)
  A hound (D:4)
  An orc wizard (D:5)
  An iguana (D:5)
  2 worker ants (D:4)
  A hound skeleton (D:4)
  A hound zombie (D:5)
  7 gnolls
  A shadow imp (D:5)
  8 adders
  2 oozes (D:2)
  3 giant geckos
  2 orcs (D:5)
  5 giant cockroaches
  6 hobgoblins
  13 jackals
  10 kobolds
  6 bats
  3 giant newts
  8 goblins
  A quokka (D:2)
  6 rats
92 creatures vanquished.

Vanquished Creatures (collateral kills)
  A rat (D:2)
1 creature vanquished.

Grand Total: 93 creatures vanquished

Notes
Turn   | Place    | Note
--------------------------------------------------------------
     0 | D:1      | Ijustatesigmund the Octopode Wizard began the quest for the Orb.
     0 | D:1      | Reached XP level 1. HP: 11/11 MP: 4/4
    40 | D:1      | Reached XP level 2. HP: 6/17 MP: 0/6
   428 | D:1      | Learned a level 2 spell: Blink
   431 | D:1      | Learned a level 2 spell: Repel Missiles
   780 | D:1      | Reached XP level 3. HP: 19/21 MP: 7/7
   785 | D:1      | Learned a level 3 spell: Mephitic Cloud
  1140 | D:2      | Reached skill level 1 in Fighting
  1345 | D:2      | Reached skill level 4 in Stealth
  1352 | D:2      | Reached XP level 4. HP: 18/28 MP: 4/8
  1769 | D:2      | Noticed Sigmund
  1779 | D:2      | Killed Sigmund
  1779 | D:2      | Reached skill level 1 in Short Blades
  1779 | D:2      | Reached skill level 5 in Stealth
  1779 | D:2      | Reached XP level 5. HP: 32/35 MP: 5/9
  1779 | D:2      | Reached XP level 6. HP: 37/41 MP: 5/10
  3156 | D:3      | Reached skill level 1 in Poison Magic
  3163 | D:3      | Reached skill level 1 in Air Magic
  3302 | D:4      | Reached XP level 7. HP: 45/45 MP: 0/11
  3415 | D:4      | Found a shadowy altar of Dithmenos.
  3687 | D:4      | Noticed Menkaure
  3731 | D:4      | Killed Menkaure
  3731 | D:4      | Reached skill level 6 in Stealth
  4355 | D:5      | Entered Level 5 of the Dungeon
  4679 | D:5      | Found a blossoming altar of Fedhas.
  4717 | D:5      | Learned a level 3 spell: Conjure Flame
  4748 | D:5      | Noticed a steam dragon
  4762 | D:5      | Killed from afar by a steam dragon

Vault maps used:
D:1:      roderic_octagonal_star
D:2:      uniq_sigmund
D:4:      nicolae_dithmenos_shadow_blocks, first_bread, uniq_menkaure
D:5:      lemuel_crystal_altar, minivault_1

Action                   |  1- 3 |  4- 6 |  7- 9 || total
-------------------------+-------+-------+-------++-------
Melee: Unarmed           |    10 |       |       ||    10
       Short sword       |    38 |   103 |    48 ||   189
 Cast: Magic Dart        |    34 |    29 |    32 ||    95
       Repel Missiles    |     1 |       |       ||     1
       Mephitic Cloud    |       |     7 |       ||     7
       Blink             |       |     2 |     2 ||     4
       Conjure Flame     |       |       |     1 ||     1
  Use: Scroll            |     2 |     5 |     1 ||     8
       Potion            |     1 |       |     4 ||     5
 Stab: Sleeping          |     3 |     8 |     3 ||    14
       Confused          |       |     1 |       ||     1
  Eat: Chunk             |     1 |     4 |     1 ||     6
       Royal jelly       |       |     1 |     1 ||     2
       Bread ration      |       |     1 |       ||     1
       Fruit             |       |     1 |       ||     1
       Meat ration       |       |       |     1 ||     1
